 Dungeon Sprint DCSS version 0.17-a0-1997-ga88ed7d (webtiles) character file.

1100000 Adamkad1 the Warrior (level 15, -10/183 HPs)
             Began as a Troll Fighter on Oct 8, 2015.
             Mangled by a meat berserker
             ... wielding a +9 battleaxe
              (23 damage)
             ... in the Dungeon (Sprint VIII: "Arena of Blood").
             The game lasted 00:00:45 (11 turns).

Adamkad1 the Warrior (Troll Fighter)                  Turns: 11, Time: 00:00:45

Health: -10/183    AC:  5    Str: 33    XL:     15   Next: 20%
Magic:  14/14      EV: 17    Int:  4    God:
Gold:   0          SH:  0    Dex:  9    Spells: 0 memorised, 14 levels left

rFire  . . .     SeeInvis .     l - +∞ Axe of Woe
rCold  . . .     Clarity  .     b - +0 robe
rNeg   . . .     SustAt   .     (no shield)
rPois  .         Gourm    +     (helmet restricted)
rElec  .         Spirit   .     (no cloak)
rCorr  .         Warding  .     (gloves unavailable)
rMut   .         NoTele   +     (boots unavailable)
MR     +....                    (no amulet)
Stlth  +.........               (no ring)
                                (no ring)

@: somewhat resistant to hostile enchantments, very unstealthy
A: unfitting armour, claws 3, fast metabolism 3, gourmand, regeneration 2,
shaggy fur 1, tough skin 2
a: no special abilities


You were in the Dungeon.
You were not hungry.

You visited 1 branch

Inventory:

Hand Weapons
 a - a +0 war axe
 l - the +∞ Axe of Woe (weapon)
   (You found it in the Dungeon)
Armour
 b - a +0 robe (worn)
 c - a +0 shield
Scrolls
 k - a scroll of blinking
Potions
 d - a potion of might
 f - a potion of curing
 g - a potion of heal wounds
 h - a potion of haste
 i - 2 potions of magic
 j - a potion of berserk rage
Comestibles
 e - 2 bread rations


   Skills:
 * Level 20.0 Fighting
 * Level 13.2 Axes
 * Level 19.8 Dodging
 * Level 19.4 Shields


You had 14 spell levels left.
You didn't know any spells.

Dungeon Overview and Level Annotations

Branches:
Dungeon (1/1)

Altars:
Makhleb


Innate Abilities, Weirdness & Mutations

You are too large for most types of armour.
You have claws for hands.
Your metabolism is lightning-fast.
You like to eat raw meat.
You heal very quickly.
You are covered in fur (AC +1).
You have very tough skin (AC +2).


Message History

You kill the bag of meat!
Your Fighting skill increases to level 19!
Your Axes skill increases to level 12!
Your Dodging skill increases to level 19!
Your Shields skill increases to level 18!
You hear a shout! x13
Unknown command.
You open the bag of meat like a pillowcase!!!
You hew the bag of meat savagely.
You kill the bag of meat!
Your Fighting skill increases to level 20!
Your Axes skill increases to level 13!
Your Shields skill increases to level 19!
You have reached level 15!
Your experience leads to an increase in your attributes!
Increase (S)trength, (I)ntelligence, or (D)exterity?
You feel stronger. x2
You hear a shout! x6
The meat berserker hits you with a +9 battleaxe!!
You die...

.. .. #. .# #..
..# .###..
..###.
......###......
....._.....
#..)..# #_.@)_#
#..O).#
....._.o...
......###......
.###.. ..###.
#.. ..# #. .#
.. ..


You could see a meat berserker (berserk) and a bag of meat.

Vanquished Creatures
  An ogre (D)
  4 orcs (D)
5 creatures vanquished.

Notes
Turn   | Place    | Note
--------------------------------------------------------------
     0 | D        | Adamkad1 the Troll Fighter began the quest for the Orb.
     0 | D        | Reached XP level 1. HP: 22/22 MP: 0/0
     2 | D        | Noticed a bag of meat
     4 | D        | Noticed a bag of meat
     4 | D        | Noticed a bag of meat
     4 | D        | Noticed a meat berserker
     6 | D        | Noticed a bag of meat
     6 | D        | Noticed a bag of meat
     8 | D        | Killed a meat berserker
     8 | D        | Reached skill level 15 in Fighting
     8 | D        | Reached skill level 10 in Axes
     8 | D        | Reached skill level 15 in Dodging
     8 | D        | Reached skill level 15 in Shields
     8 | D        | Reached XP level 2. HP: 26/58 MP: 1/1
     8 | D        | Reached XP level 3. HP: 29/66 MP: 2/2
     8 | D        | Reached XP level 4. HP: 32/75 MP: 3/3
     8 | D        | Reached XP level 5. HP: 35/83 MP: 4/4
     8 | D        | Reached XP level 6. HP: 38/92 MP: 5/5
     8 | D        | Reached XP level 7. HP: 41/100 MP: 6/6
     8 | D        | Reached XP level 8. HP: 44/109 MP: 7/7
     8 | D        | Reached XP level 9. HP: 47/118 MP: 8/8
     8 | D        | Reached XP level 10. HP: 50/127 MP: 9/9
     8 | D        | Reached XP level 11. HP: 53/135 MP: 10/10
     8 | D        | Reached XP level 12. HP: 56/144 MP: 11/11
     8 | D        | Reached XP level 13. HP: 59/152 MP: 12/12
     9 | D        | Noticed a meat berserker
     9 | D        | Killed a bag of meat
     9 | D        | Reached skill level 17 in Fighting
     9 | D        | Killed a bag of meat
     9 | D        | Reached skill level 18 in Fighting
     9 | D        | Reached XP level 14. HP: 43/169 MP: 13/13
    10 | D        | Killed a bag of meat
    10 | D        | Reached skill level 19 in Fighting
    11 | D        | Killed a bag of meat
    11 | D        | Reached skill level 20 in Fighting
    11 | D        | Reached XP level 15. HP: 12/183 MP: 14/14
    11 | D        | Mangled by a meat berserker

Vault maps used:
D:        meatsprint

Action                   |  1- 3 |  4- 6 |  7- 9 | 10-12 | 13-15 || total
-------------------------+-------+-------+-------+-------+-------++-------
Melee: Executioner's axe |     1 |       |       |       |     3 ||     4
